 Dungeon Crawl Stone Soup version 0.30.0-29-ga12c61a403 (webtiles) character file.

Game seed: 13803943460782989850

179788 monsoonserge the Hoplite (level 18, -24/168 (172) HPs)
             Began as a Meteoran Monk on June 9, 2023.
             Was a Priest of Ignis.
             Killed by a resonance strike
             ... invoked by a ragged hierophant
              (30 damage)
             ... on level 1 of the Elven Halls.
             The game lasted 02:41:28 (13582 turns).

monsoonserge the Hoplite (Meteoran Monk)           Turns: 13582, Time: 02:41:28

HP:   -24/168 (172) AC: 21    Str: 13    XL:     18   Next: 86%
MP:   28/28         EV: 23    Int: 14    God:    Ignis [***...]
Gold: 1904          SH: 33    Dex: 29    Spells: 17/17 levels left

rFire   + + .        a - +0 scimitar (flame)
rCold   + . .        J - +2 tower shield
rNeg    + + .        f - +3 pearl dragon scales of the Vacuum {rN+ MP+9 Dex+3}
rPois   +            c - +0 helmet of Vehumet's Reproof {Harm Fly Int+2}
rElec   +            U - scarf {rC+ rF+}
rCorr   .            h - +0 pair of gloves
SInv    +            (no boots)
Will    ++...        q - amulet "Ypsoweg" {Reflect Contam rElec rN+ Slay+2 SH+5}
Stlth   +            W - ring of Zem Yjocw {Slay+4 SInv}
HPRegen 0.48/turn    s - +5 ring of evasion
MPRegen 0.21/turn

%: harm (+30% outgoing, +20% incoming), reflection
@: flying, hasted, glowing, lightly drained, very quick
A: sense surroundings 3, otherworldly, glowing, explore regen, poison
resistance, robust 1
}: 2/15 runes: decaying, serpentine
a: Renounce Religion, Fiery Armour, Foxfire Swarm, Rising Flame


You were on level 1 of the Elven Halls.
You worshipped Ignis.
Ignis was most pleased with you.
You visited 8 branches of the dungeon, and saw 28 of its levels.
You also visited: Ice Cave and Desolation.

You collected 2447 gold pieces.
You spent 543 gold pieces at shops.

Inventory:

Hand Weapons
 a - a +0 scimitar of flaming (weapon)
 b - a +2 scimitar of holy wrath
Missiles
 r - 9 boomerangs (quivered)
 F - 4 curare-tipped darts
 H - a throwing net
 K - 50 poisoned darts
 S - 3 boomerangs of dispersal
 X - 2 atropa-tipped darts
Armour
 c - the +0 helmet of Vehumet's Reproof (worn) {Harm Fly Int+2}
   (You found it on level 5 of the Lair of Beasts)

   Int:       It affects your intelligence (+2).
   Fly:       It grants you flight.
   Harm:      It increases damage dealt and taken.
 f - the +3 pearl dragon scales of the Vacuum (worn) {rN+ MP+9 Dex+3}
   (You found it on level 5 of the Lair of Beasts)

   Dex:       It affects your dexterity (+3).
   rN:        It protects you from negative energy.
   MP:        It affects your magic capacity (+9).
 h - a +0 pair of gloves (worn)
 p - the +6 leather armour of Repulsion {rPois rF+ rN+ Dex+3}
   (You found it on level 7 of the Dungeon)

   Dex:       It affects your dexterity (+3).
   rF:        It protects you from fire.
   rPois:     It protects you from poison.
   rN:        It protects you from negative energy.
 J - a +2 tower shield (worn)
 U - a scarf of resistance (worn)
Jewellery
 q - the amulet "Ypsoweg" (around neck) {Reflect Contam rElec rN+ Slay+2 SH+5}
   (You found it on level 3 of the Dungeon)

   [amulet of reflection]

   It reflects blocked missile attacks.
   Slay:      It affects your accuracy & damage with ranged weapons and melee
   (+2).
   rElec:     It insulates you from electricity.
   rN:        It protects you from negative energy.
   Contam:    It causes magical contamination when unequipped.
   SH:        It affects your SH (+5).
 s - a +5 ring of evasion (right hand)
 w - a +6 ring of intelligence
 x - a ring of protection from cold
 W - the ring of Zem Yjocw (left hand) {Slay+4 SInv}
   (You bought it in a shop on level 1 of the Snake Pit)

   [ring of see invisible]

   Slay:      It affects your accuracy & damage with ranged weapons and melee
   (+4).
   SInv:      It lets you see invisible.
Wands
 j - a wand of polymorph (4)
 n - a wand of digging (17)
 t - a wand of charming (12)
 u - a wand of mindburst (26)
 v - a wand of acid (10)
 C - a wand of flame (82)
 I - a wand of roots (13)
Scrolls
 g - 6 scrolls of enchant weapon
 i - a scroll of torment {unknown}
 k - 9 scrolls of teleportation
 y - 3 scrolls of enchant armour
 D - a scroll of fog {unknown}
 E - 2 scrolls of magic mapping
 G - a scroll of brand weapon {unknown}
 M - 3 scrolls of fear
 Z - 3 scrolls of immolation
Potions
 d - a potion of cancellation {unknown}
 e - 5 potions of curing
 l - 2 potions of lignification
 m - a potion of haste
 o - a potion of might {unknown}
 z - 6 potions of mutation
 B - a potion of berserk rage
 L - a potion of brilliance {unknown}
 Q - 2 potions of ambrosia
 T - 3 potions of flight
 Y - 2 potions of attraction
Miscellaneous
 O - a box of beasts


   Skills:
 - Level 13.2 Fighting
 - Level 2.3(11.0) Short Blades
 - Level 17.9(18.0) Long Blades
 - Level 7.1 Throwing
 - Level 11.0 Armour
 - Level 13.6 Dodging
 + Level 4.1 Stealth
 - Level 21.3 Shields
 - Level 7.0 Evocations


You had 17 spell levels left.
You didn't know any spells.
Your spell library contained the following spells:

 Spells                   Type           Power      Damage    Failure   Level
 Beastly Appendage        Tmut           0%         N/A       94%         1
 Magic Dart               Conj           0%         1d3       94%         1
 Scorch                   Fire           0%         2d5       98%         2
 Searing Ray              Conj           0%         2d4       98%         2
 Static Discharge         Conj/Air       0%         2-2/arc   98%         2
 Sublimation of Blood     Necr           0%         N/A       98%         2
 Wereblood                Tmut           0%         N/A       98%         2
 Dazzling Flash           Conj/Hex       0%         N/A       100%        3
 Frozen Ramparts          Ice            0%         1d1       100%        3
 Spider Form              Tmut/Pois      0%         N/A       100%        3
 Airstrike                Air            0%         2d(0-16)  100%        4
 Flame Wave               Conj/Fire      0%         2d4       100%        4
 Fulminant Prism          Conj/Hex       0%         3d5       100%        4
 Ice Form                 Ice/Tmut       0%         N/A       100%        4
 Petrify                  Tmut/Erth      0%         N/A       100%        4
 Summon Ice Beast         Ice/Summ       0%         N/A       100%        4
 Summon Lightning Spire   Summ/Air       0%         N/A       100%        4
 Agony                    Necr           0%         N/A       100%        5
 Irradiate                Conj/Tmut      0%         3d11      100%        5
 Silence                  Hex/Air        0%         N/A       100%        5
 Summon Cactus Giant      Summ           0%         N/A       100%        6


Dungeon Overview and Level Annotations

Branches:
Dungeon (10/15) Zot: 1113  Temple (1/1) D:7 Zot: 488    Lair (5/5) D:10 Zot: 118
  Swamp (4/4) Lair:2 Zot: 559   Snake (4/4) Lair:3 Zot: 285   Slime (1/5) Lair:5 Zot: 570
    Orc (2/2) D:10 Zot: 250     Elf (1/3) Orc:2 Zot: 316   IceCv (visited)
Desolation (visited)

Altars:
Ashenzari
Cheibriados
Dithmenos
Elyvilon
Fedhas
Gozag
Hepliaklqana
Kikubaaqudgha
Makhleb
Nemelex Xobeh
Okawaru
Qazlal
Ru
Sif Muna
Trog
Uskayaw
Vehumet
Wu Jian
Xom
Yredelemnul
Zin
The Shining One
Ignis
Jiyva

Shops:
D:2 [   D:5 *   D:8 :   Orc:2 =*(   Elf:1 *   Snake:1 =

Annotations:
Snake:3 3 runed translucent doors, Asterion; Dadghomedgh's ghost, adept GnHW; Elinuc's ghost, adept DEHW; Luxzac's ghost, journeyman GrEE; mif's ghost, journeyman MiBe


Innate Abilities, Weirdness & Mutations

You passively map a large area around you.
You are easily found by Zot.
You glow in the dark.
You regain HP and MP as you explore.
Your system is resistant to poisons. (rPois)
You are robust. (+10% HP)


Message History

The saltling is lightly damaged.
The foxfire hits the saltling.
The saltling is moderately damaged.
The foxfire hits the saltling but does no damage.
The saltling is moderately damaged.
The foxfire hits the saltling but does no damage.
The saltling is moderately damaged.
The foxfire hits the saltling.
The saltling is moderately damaged.
The foxfire hits the saltling.
The saltling is moderately damaged.
The foxfire hits the saltling.
The saltling is moderately damaged.
The foxfire hits the saltling but does no damage.
The saltling is moderately damaged.
You block the saltling's attack. x2; The foxfire hits the saltling.
The saltling is moderately damaged.
Okay, then.
You feel yourself speed up.
The foxfire hits the saltling but does no damage.
The saltling is moderately damaged.
You block the saltling's attack. x2
A deep elf zephyrmancer comes into view.
It is wielding a +0 long sword.
The saltling closely misses you.
The deep elf zephyrmancer shouts!
You block the saltling's attack. You block the fire elemental's attack.
You block the deep elf pyromancer's attack.
You block the fire elemental's attack.
The deep elf zephyrmancer casts a spell.
The deep elf zephyrmancer blinks!
The ragged hierophant points at you and mumbles some strange words.
A blast of power from the earth and the fire elemental strikes you!
* * * LOW HITPOINT WARNING * * *
You block the deep elf pyromancer's attack.
There is a huge open gate here.
A deep elf death mage comes into view. It is wielding a +0 trident.
The ragged hierophant points at you and mumbles some strange words.
A blast of power from the earth and the fire elemental strikes you!
You die...

#.#.# #.....##.##...........#
#...###.....##.##>..........#
###..##.....##.##...........#
......'.....##..+...........#
#######.....##.##......e....#
# #.....##.##.....#.....#
#.....................# #
#........#..e..#......# * ##
#........#@...§#......+ .##
#......###Ee')'###....# * ..#
#......#.9.○.....#...## .##
#....)##.8.9...8.##..# * ##
##....#.....a.....#..# #
#.#..#..8.....8..# .. * * #
#....#...........# ... * ^#
#.#..##.8.....8.## * * .#
#.#...#.........# *


You could see a ragged hierophant, a deep elf death mage (wandering), a deep elf
pyromancer, a deep elf zephyrmancer, a fire elemental (summoned) and 2
saltlings.

Vanquished Creatures
  Mlioglotl (Swamp:1)
  A thorn hunter (Swamp:4)
  A nagaraja (Snake:2)
  A fenstrider witch (Swamp:2)
  A frost giant (IceCv)
  A deep elf sorcerer (Elf:1)
  2 orc warlords
  12 eleionomae
  A halazid warlock (Desolation)
  Azrael (Snake:3)
  5 bunyips
  A shambling mangrove (Swamp:4)
  A ragged hierophant (Desolation)
  A salamander tyrant (Snake:4)
  A great orb of eyes (Slime:1)
  A servant of whispers (Desolation)
  18 hydras
  3 anacondas
  Erica (D:8)
  An ogre mage (Orc:2)
  2 peacekeepers (Elf:1)
  A ghost crab (Swamp:4)
  5 two-headed ogres
  3 naga warriors
  12 alligators
  4 orc high priests (Orc:2)
  5 death yaks (IceCv)
  6 naga sharpshooters
  3 dancing weapons
  8 shock serpents
  A skyshark (Lair:5)
  Amaemon (Lair:1)
  5 goliath frogs
  2 salamander mystics (Snake:3)
  11 swamp dragons
  3 spriggan druids (Swamp:4)
  3 orc knights (Orc:2)
  A deep elf archer (Elf:1)
  3 naga ritualists
  4 bog bodies
  Pikel (D:4)
  An ironbound convoker (Desolation)
  7 orc sorcerers
  3 deep elf pyromancers (Elf:1)
  5 mana vipers
  3 deep elf zephyrmancers
  2 will-o-the-wisps
  9 salamanders
  19 black mambas
  15 elephants
  A guardian serpent (Desolation)
  3 naga magi
  2 water nymphs (Swamp:1)
  A torpor snail (Lair:3)
  An ice statue (IceCv)
  An orange demon (Lair:1)
  7 komodo dragons
  2 kobold demonologists (D:10)
  15 cane toads
  9 rime drakes
  6 trolls
  6 polar bears
  5 tyrant leeches
  4 hornets (Swamp:4)
  10 blink frogs (Lair:5)
  2 saltlings
  2 dream sheep (Lair:3)
  An air elemental (Elf:1)
  3 wyverns
  A wraith (D:5)
  2 water elementals (Elf:1)
  A spriggan (Swamp:4)
  30 yaks
  9 fire elementals
  A basilisk (Lair:4)
  Grum (D:8)
  A golden eye (Slime:1)
  17 vampire mosquitoes
  18 nagas
  A warg (Orc:2)
  13 swamp worms
  2 acid dragons
  12 water moccasins
  3 black bears (D:10)
  2 floating eyes (Slime:1)
  35 orc warriors
  12 swamp drakes
  A sky beast (D:6)
  2 ice beasts (D:5)
  13 wolves
  8 ogres
  4 centaurs
  2 phantoms (D:5)
  5 kobold brigands
  20 bullfrogs
  Blork the orc (D:6)
  5 scorpions
  An earth elemental (Elf:1)
  2 gnoll sergeants
  9 wights
  21 killer bees
  An electric eel (Lair:5)
  7 howler monkeys
  6 jellies
  19 orc priests
  A sleepcap (D:6)
  10 iguanas
  Terence (D:2)
  18 orc wizards
  6 hell rats (Lair:1)
  A human simulacrum (D:9)
  14 gnolls
  9 adders
  4 river rats
  A shadow imp (D:6)
  12 white imps (Orc:1)
  3 worms
  4 dart slugs
  64 orcs
  7 endoplasms
  4 giant cockroaches
  7 goblins
  7 hobgoblins
  4 quokkas
  6 ball pythons
  7 bats
  4 frilled lizards
  23 kobolds
  11 rats
800 creatures vanquished.

Vanquished Creatures (others)
  A naga warrior (Snake:3)
  A deep elf pyromancer (Orc:2)
  A mana viper (Snake:3)
  A human simulacrum (D:9)
  An orc (Orc:1)
  30 foxfires
35 creatures vanquished.

Grand Total: 835 creatures vanquished

Notes
Turn   | Place    | Note
-------+----------+-------------------------------------------
     0 | D:1      | monsoonserge the Meteoran Monk began the quest for the Orb.
     0 | D:1      | Reached XP level 1. HP: 19/19 MP: 2/2
    54 | D:1      | Reached XP level 2. HP: 24/26 MP: 3/3
   165 | D:1      | Reached XP level 3. HP: 22/31 MP: 4/4
   367 | D:2      | Found a faded altar of an unknown god.
   370 | D:2      | Prayed at the altar of an unknown god.
   370 | D:2      | Became a worshipper of Ignis, the Dying Flame
   370 | D:2      | Reached ****** piety under Ignis
   502 | D:1      | You fall into a shaft and drop 1 floor!
   569 | D:2      | Reached XP level 4. HP: 35/40 MP: 5/5
   617 | D:2      | Found Illeo's Antique Armour Shop.
   626 | D:2      | Noticed Terence
   662 | D:2      | Killed Terence
   663 | D:2      | Reached skill level 1 in Short Blades
   733 | D:2      | Reached XP level 5. HP: 46/46 MP: 6/6
   897 | D:3      | Identified the +4 plate armour of Tohock {*Slow rElec
                  | Regen+}
   995 | D:3      | Identified the amulet "Ypsoweg" {Reflect Contam rElec rN+
                  | Slay+2 SH+5}
  1323 | D:4      | Reached XP level 6. HP: 53/53 MP: 7/7
  1350 | D:4      | Reached skill level 5 in Long Blades
  1411 | D:4      | Reached skill level 1 in Armour
  1512 | D:4      | Noticed Pikel
  1538 | D:4      | Killed Pikel
  1539 | D:4      | Reached skill level 5 in Fighting
  1539 | D:4      | Reached skill level 1 in Throwing
  1539 | D:4      | Reached skill level 1 in Shields
  1539 | D:4      | Reached XP level 7. HP: 40/61 MP: 8/8
  1539 | D:4      | Reached XP level 8. HP: 45/68 MP: 9/9
  1605 | D:4      | Found a stormy altar of Qazlal.
  1605 | D:4      | Found an iron altar of Okawaru.
  1612 | D:4      | Found a hazy altar of Hepliaklqana.
  1614 | D:4      | Found a burning altar of Makhleb.
  1615 | D:4      | Found a faded altar of an unknown god.
  1788 | D:5      | Entered Level 5 of the Dungeon
  1847 | D:5      | Noticed a wraith
  1865 | D:5      | Killed a wraith
  2152 | D:5      | Reached skill level 2 in Shields
  2152 | D:5      | Gained mutation: You passively map the area around you.
                  | [Meteoran growth]
  2152 | D:5      | Reached XP level 9. HP: 15/74 MP: 10/10
  2217 | D:5      | Reached skill level 5 in Armour
  2267 | D:5      | Found Loeterirr's General Store.
  2460 | D:6      | Reached skill level 5 in Dodging
  2510 | D:6      | Reached skill level 10 in Long Blades
  2647 | D:6      | Reached XP level 10. HP: 58/84 MP: 11/11
  2711 | D:6      | Found a bloodstained altar of Trog.
  2822 | D:6      | Noticed Blork the orc
  2829 | D:6      | Killed Blork the orc
  2841 | D:7      | Found a staircase to the Ecumenical Temple.
  2849 | Temple   | Entered the Ecumenical Temple
  3038 | D:7      | Identified the +6 leather armour of Repulsion {rPois rF+
                  | rN+ Dex+3}
  3138 | D:7      | Reached skill level 3 in Shields
  3154 | D:7      | Reached skill level 4 in Shields
  3325 | D:7      | Reached skill level 1 in Evocations
  3470 | D:8      | Found Joastrio's Book Shoppe.
  3495 | D:8      | Reached skill level 5 in Throwing
  3495 | D:8      | Reached skill level 5 in Shields
  3529 | D:8      | Noticed Erica
  3532 | D:8      | Noticed a two-headed ogre
  3533 | D:8      | Noticed Grum
  3544 | D:8      | Killed Erica
  3551 | D:8      | Killed a two-headed ogre
  3552 | D:8      | Reached skill level 6 in Shields
  3552 | D:8      | Reached XP level 11. HP: 39/92 MP: 12/12
  3567 | D:8      | Killed Grum
  3629 | D:8      | Reached skill level 7 in Shields
  3821 | D:9      | Reached skill level 8 in Shields
  4056 | D:9      | Noticed a two-headed ogre
  4066 | D:9      | Killed a two-headed ogre
  4083 | D:9      | Found a shimmering altar of Xom.
  4253 | D:9      | Reached skill level 9 in Shields
  4267 | D:10     | Entered Level 10 of the Dungeon
  4386 | D:10     | Reached XP level 12. HP: 100/100 MP: 13/13
  4548 | D:10     | Found a staircase to the Orcish Mines.
  4599 | D:10     | Found a staircase to the Lair.
  4634 | D:10     | Reached skill level 10 in Shields
  4743 | D:10     | Noticed a two-headed ogre
  4752 | D:10     | Killed a two-headed ogre
  4889 | Lair:1   | Entered Level 1 of the Lair of Beasts
  5075 | Lair:1   | Reached skill level 11 in Shields
  5164 | Lair:1   | Noticed Amaemon
  5552 | Lair:2   | Noticed a five-headed hydra
  5553 | Lair:2   | Found a staircase to the Swamp.
  5561 | Lair:2   | Killed a one-headed hydra
  5562 | Lair:2   | Reached XP level 13. HP: 83/108 MP: 14/14
  5738 | Lair:3   | Noticed a seven-headed hydra
  5747 | Lair:2   | Killed a five-headed hydra
  5772 | Swamp:1  | Entered Level 1 of the Swamp
  5807 | Lair:3   | Found a staircase to the Snake Pit.
  5939 | Lair:3   | Noticed a five-headed hydra
  5949 | Lair:3   | Killed a one-headed hydra
  5950 | Lair:3   | Reached skill level 12 in Shields
  6332 | Snake:1  | Entered Level 1 of the Snake Pit
  6343 | Snake:1  | Reached skill level 13 in Shields
  6346 | Snake:1  | Noticed a naga warrior
  6387 | Lair:3   | Killed a naga warrior
  6401 | Lair:3   | Reached skill level 10 in Dodging
  6407 | Snake:1  | Reached skill level 15 in Long Blades
  6413 | Snake:1  | Identified the +7 sling "Yskin" {flame, Fragile MP+9
                  | Stlth+}
  6551 | Snake:1  | Reached XP level 14. HP: 114/118 MP: 15/15
  6595 | Snake:1  | Reached skill level 14 in Shields
  6794 | Snake:1  | Found Woporr's One-of-a-Kind Rings.
  6836 | Snake:1  | Bought the ring of Zem Yjocw {Slay+4 SInv} for 543 gold
                  | pieces
  6859 | Snake:1  | Glimpsed the power of Zot.
  6909 | Snake:1  | Glimpsed the power of Zot.
  6910 | Snake:2  | Noticed a nagaraja
  6923 | Snake:2  | Killed a nagaraja
  7051 | Snake:2  | Reached skill level 10 in Fighting
  7082 | Snake:2  | Reached skill level 15 in Shields
  7312 | Snake:3  | Noticed Azrael
  7328 | Snake:3  | Killed Azrael
  7418 | Snake:3  | Found a runed translucent gate.
  7418 | Snake:3  | Found a runed translucent gate.
  7419 | Snake:3  | Found a runed translucent gate.
  7420 | Snake:3  | Noticed Dadghomedgh's ghost (adept GnHW)
  7420 | Snake:3  | Noticed Elinuc's ghost (adept DEHW)
  7421 | Snake:3  | Noticed mif's ghost (journeyman MiBe)
  7421 | Snake:3  | Noticed Luxzac's ghost (journeyman GrEE)
  7433 | Snake:3  | Noticed Asterion
  7436 | Snake:3  | Noticed a blizzard demon
  7489 | Snake:4  | Entered Level 4 of the Snake Pit
  7521 | Snake:4  | Reached skill level 16 in Shields
  7521 | Snake:4  | Reached XP level 15. HP: 128/128 MP: 16/16
  7647 | Snake:4  | Noticed a quicksilver dragon
  7650 | Snake:4  | Noticed a quicksilver dragon
  7660 | Snake:4  | HP: 5/128 [quicksilver dragon (14)]
  7668 | Snake:4  | HP: 2/128 [quicksilver dragon/bolt of dispelling energy
                  | (21)]
  7693 | Snake:4  | Got a serpentine rune of Zot
  7731 | Snake:2  | Reached skill level 5 in Evocations
  8397 | Snake:3  | Reached skill level 17 in Shields
  8900 | Lair:5   | Entered Level 5 of the Lair of Beasts
  9046 | Lair:5   | Found a staircase to the Slime Pits.
  9060 | Lair:5   | Found a viscous altar of Jiyva.
  9093 | Slime:1  | Entered Level 1 of the Pits of Slime
  9095 | Slime:1  | Paralysed by a floating eye for 4 turns
  9102 | Slime:1  | Paralysed by a floating eye for 2 turns
  9108 | Slime:1  | Paralysed by a floating eye for 2 turns
  9116 | Slime:1  | Gained mutation: You are vulnerable to cold. (rC-) [a
                  | shining eye]
  9118 | Slime:1  | Paralysed by a floating eye for 3 turns
  9121 | Slime:1  | Noticed a quicksilver ooze
  9317 | Lair:5   | Reached skill level 18 in Shields
  9343 | Lair:5   | Reached XP level 16. HP: 134/137 MP: 17/17
  9463 | Lair:5   | Identified the +0 helmet of Vehumet's Reproof {Harm Fly
                  | Int+2}
  9467 | Lair:5   | Identified the +3 pearl dragon scales of the Vacuum {rN+
                  | MP+9 Dex+3}
  9491 | Lair:5   | Identified the +5 falchion of Turmoil {heavy, *Rage Will+
                  | Int+3}
  9607 | Lair:3   | Lost mutation: You are vulnerable to cold. (rC-) [potion of
                  | mutation]
  9607 | Lair:3   | Gained mutation: You are robust. (+10% HP) [potion of
                  | mutation]
  9607 | Lair:3   | Gained mutation: Your system is resistant to poisons.
                  | (rPois) [potion of mutation]
  9784 | Swamp:1  | Noticed Mlioglotl
  9792 | Swamp:1  | Paralysed by you for 3 turns
  9799 | Swamp:1  | Killed Mlioglotl
 10370 | Swamp:3  | Noticed a fenstrider witch
 10382 | Swamp:2  | Killed a fenstrider witch
 10383 | Swamp:2  | Reached skill level 19 in Shields
 10485 | Swamp:3  | Reached XP level 17. HP: 153/160 MP: 18/18
 10747 | Swamp:4  | Entered Level 4 of the Swamp
 10855 | Swamp:4  | Noticed a thorn hunter
 10948 | Swamp:4  | Killed a thorn hunter
 11111 | Swamp:4  | Reached skill level 20 in Shields
 11113 | Swamp:4  | Reached skill level 1 in Stealth
 11133 | Swamp:4  | HP: 3/162 [constriction (20)]
 11204 | Swamp:4  | Identified the +8 flail of Megalomania {distort, rF- Int+4
                  | Stlth+}
 11255 | Swamp:4  | Got a decaying rune of Zot
 11589 | Lair:1   | Killed Amaemon
 11636 | Lair:1   | Reached skill level 10 in Armour
 11884 | Orc:1    | Entered Level 1 of the Orcish Mines
 11984 | Orc:1    | Found a frozen archway.
 12004 | Orc:2    | Entered Level 2 of the Orcish Mines
 12021 | IceCv    | Entered an ice cave
 12119 | IceCv    | Gained mutation: You passively map a large area around you.
                  | [Meteoran growth]
 12119 | IceCv    | Reached XP level 18. HP: 166/171 MP: 19/19
 12665 | Orc:2    | Found Feecost's Antique Armour Emporium.
 12684 | Orc:2    | Reached skill level 21 in Shields
 12787 | Orc:2    | Found a staircase to the Elven Halls.
 12794 | Orc:2    | Found Rask's Antique Weapon Emporium.
 12820 | Orc:2    | Found Zetirr's Jewellery Boutique.
 12869 | Orc:2    | Found Ceothrea's General Store.
 13176 | Elf:1    | Entered Level 1 of the Elven Halls
 13291 | Elf:1    | Found Paps's General Store.
 13478 | Elf:1    | Found a crumbling gateway.
 13517 | Desolati | Entered the Desolation of Salt
 13580 | Elf:1    | HP: 5/168 [ragged hierophant/a resonance strike (16)]
 13582 | Elf:1    | Killed from afar by a ragged hierophant

Illustrated notes

Levels and vault maps discovered:
D:1:      kennysheep_arrival_seaside, layout_loops_ring
D:2:      layout_basic, serial_shops, shop, nicolae_ecumenical_oubliette,
          minmay_misc_feat_enclosed, uniq_terence
D:3:      layout_basic
D:4:      layout_loops_cross, chequers_temple_overflow_minitemple, st_stairs_13,
          palyth_stone_intersect, corner_web_ring, kennysheep_decorative_pillar,
          uniq_pikel
D:5:      minmay_chambers_of_threes, layout_basic, serial_shops,
          nicolae_shop_peninsula
D:6:      layout_loops_ring, amcnicky_altar_gilded, minmay_fractal_squares_5,
          uniq_blork_the_orc
D:7:      layout_basic, minmay_temple_entry_glassed_door,
          kennysheep_another_room
D:8:      layout_cave_pools, serial_shops, nicolae_diamond_shop, uniq_erica,
          uniq_grum
D:9:      layout_rooms, kennysheep_little_box, interstate_on_off,
          bh_circular_ruins
D:10:     layout_roguey, grunt_lair_entry_orc_guard_hut, erik_orc_4,
          kennysheep_generic_room_10
Temple:   eino_temple_rhombus
Lair:1:   layout_chaotic_city, kennysheep_abandoned_house,
          infiniplex_staircase_pool_2, uniq_amaemon
Lair:2:   layout_loops_ring, minmay_swamp_entry_reptiles,
          chequers_serial_rivers_large_b, lemuel_fruit_tree
Lair:3:   layout_hall_layers, minmay_snake_entry_guardpost_small
Lair:4:   layout_layer_cave
Lair:5:   minmay_lair_end_frog_pond, layout_regular_city,
          nicolae_slime_entry_slimehenge
Swamp:1:  layout_falls_marsh, hangedman_swamp_lotus, swamp_pool1,
          nicolae_swamp_nymph_family_reunion, uniq_mlioglotl
Swamp:2:  layout_basic_swamp, hangedman_swamp_ruin_wall, hangedman_swamp_pad,
          swamp_pool1
Swamp:3:  nicolae_swamp_decorative_isthmus, layout_falls_marsh,
          nicolae_swamp_dense_foliage, swamp_pool3
Swamp:4:  swamp, layout_basic_swamp
Snake:1:  layout_grid_maze, nicolae_shop_unique_rings
Snake:2:  layout_onion
Snake:3:  layout_onion_interference, gammafunk_ghost_cemetery, uniq_azrael,
          uniq_asterion
Snake:4:  hellmonk_snake_rune_quicksilver_temple, layout_misc_corridors
Slime:1:  layout_caves, nicolae_slime_getting_an_eyeful
Orc:1:    layout_caves, portal_ice_cave_entry_imps
Orc:2:    grunt_orc_gardens, layout_caves, grunt_orc_garden, grunt_orc_garden,
          grunt_orc_garden, grunt_orc_garden, basic_altar
Elf:1:    eino_elf_arrival_the_gate, layout_gridlike, serial_shops,
          nicolae_shop_crystal, nicolae_shop_waterfront,
          portal_desolation_entry_twin_temple, ebering_ghost_inner_flame,
          evilmike_minifort

Skill      XL: |  1  2  3  4  5  6  7  8  9 10 11 12 13 14 15 16 17 18 |
---------------+-------------------------------------------------------+-----
Long Blades    | 4 7 8 10 11 12 14 15 16 17 | 17.9
Dodging        | 4 5 6 7 8 10 11 12 13 | 13.6
Short Blades   | 1 2 |  2.3
Fighting       | 4 5 6 7 8 9 10 11 12 13 | 13.2
Armour         | 3 4 5 6 7 8 10 11 | 11.0
Throwing       | 1 3 4 5 6 7 |  7.1
Shields        | 1 2 6 9 11 13 16 18 19 20 21 | 21.3
Evocations     | 1 3 4 5 7 |  7.0
Stealth        | 1 4 |  4.1

Action                     |  1- 3 |  4- 6 |  7- 9 | 10-12 | 13-15 | 16-18 || total
---------------------------+-------+-------+-------+-------+-------+-------++-------
  Melee: Falchion          |    23 |       |       |       |       |       ||    23
         Dagger            |    69 |    51 |       |       |       |       ||   120
         Long sword        |       |    76 |   170 |   168 |       |       ||   414
         Scimitar          |       |       |       |   449 |   871 |  1112 ||  2432
  Throw: Dart              |       |     4 |     5 |    11 |       |     1 ||    21
         Boomerang         |       |     3 |    27 |    16 |    41 |    24 ||   111
 Invoke: Fiery Armour      |       |     1 |     1 |     1 |     1 |     1 ||     5
         Foxfire Swarm     |       |       |       |       |       |     1 ||     1
  Evoke: Wand              |       |       |       |       |     5 |     2 ||     7
         Box of beasts     |       |       |       |       |     1 |     1 ||     2
    Use: Potion            |       |     1 |     1 |     1 |     8 |    10 ||    21
         Scroll            |       |       |       |     6 |    18 |     9 ||    33
   Stab: Distracted        |       |       |       |       |     1 |       ||     1
         Confused          |       |       |       |       |       |     2 ||     2
 Armour: Robe              |    18 |     9 |       |       |       |       ||    27
         Scale mail        |       |    14 |       |       |       |       ||    14
         Chain mail        |       |     5 |    51 |    18 |       |       ||    74
         Leather armour    |       |       |       |   110 |   114 |     4 ||   228
         Pearl dragon scal |       |       |       |       |       |   141 ||   141
  Dodge: Dodged            |    52 |    46 |    58 |   237 |   335 |   319 ||  1047
  Block: Orb               |       |    11 |    24 |     6 |       |       ||    41
         Reflection        |       |       |     1 |    25 |    77 |    45 ||   148
         Tower shield      |       |       |       |   830 |  1331 |  1452 ||  3613
